 Dungeon Sprint DCSS version 0.17-a0-945-g601bd79 (webtiles) character file.

3300000 ahoge the Intangible (level 20, -43/197 HPs)
             Began as a Demonspawn Gladiator on May 6, 2015.
             Was the Champion of Makhleb.
             Annihilated by a destroyer
             ... wielding a +9 great sword of slicing
              (65 damage)
             ... in the Dungeon (Sprint VIII: "Arena of Blood").
             The game lasted 00:03:35 (33 turns).

ahoge the Intangible (Demonspawn Gladiator)           Turns: 33, Time: 00:03:41

Health: -43/197    AC:  8    Str: 15    XL:     20   Next: 27%
Magic:  0/35       EV: 41    Int: 10    God:    Makhleb [******]
Gold:   0          SH:  0    Dex: 23    Spells: 0 memorised, 42 levels left

rFire  . . .     SeeInvis .     l - +∞ Axe of Woe
rCold  . . .     Clarity  .     b - +0 leather armour
rNeg   . . .     SustAb   .     (no shield)
rPois  .         Gourm    .     c - +0 helmet
rElec  .         Spirit   +     (no cloak)
rCorr  .         Warding  .     (no gloves)
rMut   .         NoTele   +     (boots unavailable)
MR     +....                    (no amulet)
Stlth  ++++++++..               (no ring)
                                (no ring)

@: repel missiles, somewhat resistant to hostile enchantments, extraordinarily
stealthy
A: hooves 3, repulsion field 3, nightstalker 3, magic shield
a: Minor Destruction, Lesser Servant of Makhleb, Major Destruction, Greater
Servant of Makhleb, Renounce Religion


You were in the Dungeon.
You worshipped Makhleb.
Makhleb was exalted by your worship.
You were not hungry.

You visited 1 branch

Inventory:

Hand weapons
 a - a +0 war axe
 l - the +∞ Axe of Woe (weapon)
   (You found it in the Dungeon)
Missiles
 d - 3 throwing nets (quivered)
Armour
 b - a +0 leather armour (worn)
 c - a +0 helmet (worn)
Scrolls
 k - a scroll of blinking
Potions
 f - a potion of curing
 g - a potion of heal wounds
 h - a potion of haste
 i - 2 potions of magic
 j - a potion of berserk rage
Comestibles
 e - a bread ration


   Skills:
 O Level 27 Fighting
 O Level 27 Axes
 O Level 27 Throwing
 O Level 27 Armour
 O Level 27 Dodging
 + Level 12.6 Stealth
 + Level 11.7 Unarmed Combat
 + Level 11.7 Spellcasting
 + Level 15.8 Invocations


You had 42 spell levels left.
You didn't know any spells.

Dungeon Overview and Level Annotations

Branches:
Dungeon (1/1)

Altars:
Makhleb

Annotations:
D The Servant


Innate Abilities, Weirdness & Mutations

You have hooves in place of feet.
You are surrounded by a strong repulsion field (EV +4, rMsl).
You are completely attuned to the shadows.
When hurt, damage is shared between your health and your magic reserves.


Message History

The Servant burns you!!
You hear a shout! x7
You slash the bag of meat!
You fatally mangle the bag of meat.
You kill the bag of meat!
Makhleb accepts your kill.
You feel a little better.
Your Stealth skill gained 2 levels and is now at level 12!
Your Unarmed Combat skill gained 2 levels and is now at level 11!
Your Spellcasting skill gained 2 levels and is now at level 11!
Your Invocations skill gained 2 levels and is now at level 15!
You hear a shout! x6
Unknown command.
You hear a shout! x3
The Servant hits you from afar with a +9 glaive of flaming!!!!
* * * LOW HITPOINT WARNING * * *
The Servant burns you!!
* * * LOW HITPOINT WARNING * * *
You hear a shout!
The destroyer hits you with a +9 great sword of slicing!!!
You die...

.. .... .##.##.....
...........
...#)#.o...
.....).....
.o@))).)...
......@......
......)V)§... .
.......)).... ..
#.......#.......
#.......#.......
.###.......###.....
......###.)).O.....
......_...).......
.#....)#)......#


You could see The Servant, a destroyer and 2 bags of meat.

Vanquished Creatures
  A vampire knight (D)
  5 ogres (D)
  14 orcs (D)
20 creatures vanquished.

Notes
Turn   | Place    | Note
--------------------------------------------------------------
     0 | D        | ahoge, the Demonspawn Gladiator, began the quest for the Orb.
     0 | D        | Reached XP level 1. HP: 16/16 MP: 1/1
     4 | D        | Noticed a bag of meat
     4 | D        | Noticed a bag of meat
     4 | D        | Became a worshipper of Makhleb the Destroyer
     6 | D        | Noticed a bag of meat
     7 | D        | Noticed a bag of meat
     7 | D        | Noticed a meat berserker
     8 | D        | Killed a bag of meat
     8 | D        | Reached skill level 10 in Fighting
     8 | D        | Reached skill level 16 in Axes
     8 | D        | Gained mutation: You are slightly more attuned to the shadows. [demonic ancestry]
     8 | D        | Reached XP level 2. HP: 19/36 MP: 2/2
     8 | D        | Gained mutation: You have large cloven feet. [demonic ancestry]
     8 | D        | Reached XP level 3. HP: 22/42 MP: 3/3
     8 | D        | Gained mutation: You are significantly more attuned to the shadows. [demonic ancestry]
     8 | D        | Reached XP level 4. HP: 25/49 MP: 4/4
     8 | D        | Gained mutation: You are surrounded by a mild repulsion field (EV +2). [demonic ancestry]
     8 | D        | Reached XP level 5. HP: 27/54 MP: 5/5
     8 | D        | Gained mutation: You have hoof-like feet. [demonic ancestry]
     8 | D        | Reached XP level 6. HP: 30/61 MP: 6/6
     8 | D        | Reached XP level 7. HP: 32/67 MP: 7/7
     8 | D        | Gained mutation: You have hooves in place of feet. [demonic ancestry]
     8 | D        | Reached XP level 8. HP: 35/74 MP: 8/8
     8 | D        | Reached XP level 9. HP: 37/79 MP: 9/9
     8 | D        | Gained mutation: You are surrounded by a moderate repulsion field (EV +3). [demonic ancestry]
     8 | D        | Reached XP level 10. HP: 40/86 MP: 10/10
     8 | D        | Gained mutation: When hurt, damage is shared between your health and your magic reserves. [demonic ancestry]
     8 | D        | Reached XP level 11. HP: 42/92 MP: 11/11
     9 | D        | Noticed a meat berserker
     9 | D        | Noticed a meat berserker
    10 | D        | Killed a bag of meat
    10 | D        | Acquired Makhleb's first power
    10 | D        | Reached skill level 18 in Axes
    10 | D        | Reached skill level 10 in Throwing
    10 | D        | Gained mutation: You are completely attuned to the shadows. [demonic ancestry]
    10 | D        | Reached XP level 12. HP: 86/102 MP: 12/12
    11 | D        | Killed a meat berserker
    11 | D        | Reached skill level 21 in Axes
    11 | D        | Reached XP level 13. HP: 48/113 MP: 6/13
    11 | D        | Gained mutation: You are surrounded by a strong repulsion field (EV +4, rMsl). [demonic ancestry]
    11 | D        | Reached XP level 14. HP: 50/120 MP: 6/14
    11 | D        | Killed a bag of meat
    11 | D        | Acquired Makhleb's second power
    11 | D        | Reached skill level 15 in Fighting
    11 | D        | Reached skill level 22 in Axes
    12 | D        | Killed a meat berserker
    12 | D        | Reached skill level 24 in Axes
    12 | D        | Reached XP level 15. HP: 52/132 MP: 6/15
    12 | D        | Killed a bag of meat
    12 | D        | Acquired Makhleb's third power
    12 | D        | Reached skill level 25 in Axes
    12 | D        | Killed a meat berserker
    12 | D        | Reached skill level 26 in Axes
    12 | D        | Reached skill level 15 in Throwing
    12 | D        | Reached XP level 16. HP: 130/145 MP: 6/16
    14 | D        | Noticed a meat berserker
    14 | D        | Noticed a bag of meat
    15 | D        | Noticed a bag of meat
    17 | D        | Noticed a bag of meat
    17 | D        | Noticed a bag of meat
    17 | D        | Noticed a bag of meat
    17 | D        | Noticed a bag of meat
    18 | D        | Noticed a bag of meat
    19 | D        | Killed a meat berserker
    19 | D        | Acquired Makhleb's fourth power
    19 | D        | Reached skill level 27 in Axes
    19 | D        | Reached skill level 27 in Dodging
    19 | D        | Reached XP level 17. HP: 137/162 MP: 7/17
    20 | D        | Killed a bag of meat
    21 | D        | Killed a bag of meat
    21 | D        | Killed a bag of meat
    21 | D        | Acquired Makhleb's fifth power
    21 | D        | Reached skill level 27 in Fighting
    22 | D        | Killed a bag of meat
    22 | D        | Reached XP level 18. HP: 182/182 MP: 7/18
    22 | D        | Killed a bag of meat
    23 | D        | Noticed a bag of meat
    23 | D        | Noticed a destroyer
    25 | D        | Noticed a bag of meat
    25 | D        | Noticed a meat berserker
    25 | D        | Killed a destroyer
    25 | D        | Reached skill level 27 in Throwing
    26 | D        | Noticed a bag of meat
    27 | D        | Noticed a bag of meat
    28 | D        | Killed a bag of meat
    28 | D        | Reached XP level 19. HP: 189/189 MP: 7/19
    28 | D        | Noticed a destroyer
    29 | D        | Killed a bag of meat
    29 | D        | Killed a meat berserker
    29 | D        | Reached skill level 27 in Armour
    29 | D        | Killed a bag of meat
    30 | D        | Noticed a bag of meat
    30 | D        | Noticed a bag of meat
    31 | D        | Noticed The Servant
    31 | D        | Killed a bag of meat
    31 | D        | Reached skill level 10 in Stealth
    31 | D        | Reached XP level 20. HP: 197/197 MP: 7/33
    32 | D        | Killed a bag of meat
    32 | D        | Reached skill level 15 in Invocations
    33 | D        | Annihilated by a destroyer

Action                   |  1- 3 |  4- 6 |  7- 9 | 10-12 | 13-15 | 16-18 | 19-21 || total
-------------------------+-------+-------+-------+-------+-------+-------+-------++-------
Melee: Executioner's axe |     1 |       |       |     2 |     1 |     5 |     3 ||    12
